 Dungeon Crawl Stone Soup version 0.31-a0-868-g674d60d6f7 (webtiles) character file.

Game seed: 16212787082784108749

21 ipx the Chopper (level 2, -1/16 HPs)
             Began as a Vine Stalker Fighter on Oct 11, 2023.
             Killed from afar by Sigmund (4 damage)
             ... with a puff of flame
             ... on level 2 of the Dungeon.
             The game lasted 00:02:08 (278 turns).

ipx the Chopper (Vine Stalker Fighter)               Turns: 278, Time: 00:02:09

Health: -1/16      AC:  6    Str: 18    XL:     2   Next: 83%
Magic:  0/3        EV:  9    Int:  8    God:
Gold:   64         SH:  4    Dex: 13    Spells: 1/1 levels left

rFire   . . .        a - +0 war axe
rCold   . . .        c - +0 buckler
rNeg    . . .        b - +0 scale mail
rPois   .            (no helmet)
rElec   .            (no cloak)
rCorr   .            (no gloves)
SInv    .            (no boots)
Will    .....        (no amulet) Stlth
                     (no ring)
HPRegen 1.02/turn    (no ring)
MPRegen 0.08/turn

%: guardian spirit
@: no status effects
A: fangs 2, regeneration 1, magic shield, antimagic bite, no potion heal 2
a: no special abilities


You were on level 2 of the Dungeon.
You visited 1 branch of the dungeon, and saw 2 of its levels.

You collected 64 gold pieces.

Inventory:

Hand Weapons
 a - a +0 war axe (weapon)
Armour
 b - a +0 scale mail (worn)
 c - a +0 buckler (worn)
Jewellery
 e - a ring of positive energy
Scrolls
 f - 2 scrolls of teleportation {unknown}
 h - a scroll of fear {unknown}
Potions
 d - a potion of might
 g - a potion of resistance {unknown}
 i - a potion of mutation {unknown}


   Skills:
 - Level 2.6 Fighting
 + Level 3.0 Axes
 - Level 2.4 Armour
 - Level 2.6 Shields


You had one spell level left.
You didn't know any spells.
Your spell library was empty.

Dungeon Overview and Level Annotations

Branches:
Dungeon (2/15)

Altars:

Annotations:
D:2 Sigmund


Innate Abilities, Weirdness & Mutations

You have extremely sharp teeth.
Your natural rate of healing is unusually fast.
When hurt, damage is shared between your health and your magic reserves.
Your bite disrupts and absorbs the magic of your enemies.
Potions cannot restore your health.


Message History

You now have 48 gold pieces (gained 13).
Found a fizzy white potion.
i - a fizzy white potion
Found 16 gold pieces.
You now have 64 gold pieces (gained 16).
An endoplasm comes into view.
Sigmund the Dreaded comes into view.
He is wielding a +0 scythe.
Sigmund shouts!
Found a hand axe.
Sigmund points at you and mumbles some strange words.
The puff of flame hits you.
Sigmund gestures wildly while chanting.
Sigmund flickers and vanishes!
Deactivating autopickup; reactivate with Ctrl-A.
The endoplasm freezes you.
You are frozen.
You slash the endoplasm!
You kill the endoplasm!
You hear some strange, mumbled words.
Something tries to affect you, but you resist.
Your Axes skill increases to level 3!
Something hits you but does no damage.
You barely miss something.
You hear some strange, mumbled words.
A magic dart appears from out of thin air!
The magic dart hits you. Something hits you.
You hit something. Your bite misses something.
You hear some strange, mumbled words.
A puff of flame appears from out of thin air!
The puff of flame hits you!
* * * LOW HITPOINT WARNING * * *
You miss something. Your bite misses something. Something hits you.
* * * LOW HITPOINT WARNING * * *
You barely miss something. You bite something. You drain its magic.
You feel invigorated. Something hits you but does no damage.
You miss something.
You hear some strange, mumbled words.
A puff of flame appears from out of thin air!
The puff of flame hits you.
You die...

#.# #.# #.#
#.# #.# #.##
#.# #... #.#
#### #.#
###.###
#.....####
#)@........
#.{...#####
...........
..##.....####
#.#.# #..
####### #.#.#
#. #.#.. #
#.#.# #.#.#
#.#.###


There were no monsters in sight!

Vanquished Creatures
  2 dart slugs
  A ball python (D:1)
  2 endoplasms
  2 hobgoblins (D:1)
  2 quokkas
  3 bats (D:1)
  3 rats (D:1)
15 creatures vanquished.

Notes
Turn   | Place    | Note
-------+----------+-------------------------------------------
     0 | D:1      | ipx the Vine Stalker Fighter began the quest for the Orb.
     0 | D:1      | Reached XP level 1. HP: 11/11 MP: 2/2
    46 | D:1      | Reached skill level 2 in Axes
    51 | D:1      | Reached XP level 2. HP: 16/16 MP: 3/3
   268 | D:2      | Noticed Sigmund
   272 | D:2      | Reached skill level 3 in Axes
   278 | D:2      | Killed from afar by Sigmund

Illustrated notes

Levels and vault maps discovered:
D:1:      minmay_arrival_four_loops, layout_loops_ring, st_stairs_3
D:2:      layout_basic, serial_shops, shop, serial_park_tiny_2, uniq_sigmund

Skill      XL: |  1  2 |
---------------+-------+-----
Axes           | 2 3 |  3.0
Fighting       | |  2.6
Armour         | |  2.4
Shields        | |  2.6

Action                     || total
---------------------------++-------
  Melee: War axe           ||    37
         Bite              ||     8
 Armour: Scale mail        ||    30
  Dodge: Dodged            ||    17
  Block: Buckler           ||     7

Table legend: (Time is in decaauts)
 A = Elapsed time spent in this place.
 B = Non-inter-level travel time spent in this place.
 C = Inter-level travel time spent in this place.
 D = Time resting spent in this place.
 E = Time spent auto-exploring this place.
 F = Levels seen in this place.
 G = Mean time per level.
                   A        B        C        D        E       F      G
               +--------+--------+--------+--------+--------+-----+--------+
         Total |    292 |    292 |      0 |      0 |      0 |   2 |  146.0 |
       Dungeon |    292 |    292 |      0 |      0 |      0 |   2 |  146.0 |
               +--------+--------+--------+--------+--------+-----+--------+

Top non-repeatable levels by time:
     D:1: 158 daAuts
     D:2: 134 daAuts
